Heat vs Americans

Created - 22 décembre 2024 at 08:38

Goals
1 2 3 T
Heat 0 0 0 0
Americans 0 2 0 2
Shots
1 2 3 T
Heat 0 8 0 8
Americans 3 11 0 14

GoalsPenalties
1st period
No Goal
Robbie Russo (CAL) for Hooking (Minor) at 4:29
2nd period
1. Americans , Tanner Laczynski 4 (Mark Kastelic 26, Brendan Lemieux 19) at 1:18 (PP)
2. Americans , Matthew Highmore 3 (Daniil Miromanov 6, Tim Berni 14) at 12:55
Keaton Middleton (CAL) for Tripping (Minor) at 1:08
Mark Kastelic (BUF) for Tripping (Minor) at 14:44
3rd period
No Goal
No Penalty
Goalie Stats
Henrik Tikkanen (CAL), 12 saves from 14 shots - (0,857), L, 15-12-6, 60:00 minutes
Spencer Knight (BUF), 8 saves from 8 shots - (1,000), W, 21-10-9, 60:00 minutes
3 StarsOfficial
1 - Tanner Laczynski (BUF)
2 - Matthew Highmore (BUF)
3 - Spencer Knight (BUF)
Referees : Shauna Neary and Kendrick Nicholson
Linesman : Libor Suchanek and Kilian McNamara
Game Note
No Game Note



Team Name Goals Shots Shots Attemp Shots Blocked PIM HIT PP PK FO%
Heat 081014150 / 1 (0%)148%
Americans 2142212201 / 2 (50%)052%

Heat
Player Name POS G A P +/- PIM HIT SHT SB MP PP MP PP SHT PK MP PK SHT FO% FOT GA TA
Adam FantilliC0000013022:351:0501:01050% 1202
Adam SykoraLW/RW000-1001018:540:5600:510100% 102
Adam WilsbyD000000000:030:0000:0000% 000
Ben KingC000-1020016:410:2000:49040% 501
Casey FitzgeraldD000-1020124:481:3901:3900% 000
Dmitri SamorukovD0000020014:070:0000:4600% 000
Dryden HuntLW/RW0000002021:041:0610:0300% 001
Filip HallanderC0000010019:370:5300:0000% 301
Henry ThrunD0000000020:551:1801:1600% 000
Hudson ElynuikC/LW/RW0000040018:520:3400:1700% 000
Hunter DrewRW0000000013:250:0000:0000% 000
Ilya SolovyovD000000001:440:0000:0000% 000
Jacob MoverareD0000010020:330:0000:0000% 000
Keaton MiddletonD0000210019:390:0000:3700% 000
Luke PhilpC000000009:030:0000:000100% 100
Mackie SamoskevichRW000-1010021:471:0301:17067% 310
Olen ZellwegerD000-1002020:530:4110:0000% 010
Robbie RussoD0000200013:090:2000:0000% 000
Americans
Player Name POS G A P +/- PIM HIT SHT SB MP PP MP PP SHT PK MP PK SHT FO% FOT GA TA
Aatu RätyC0000040016:540:0000:0000% 100
Brendan LemieuxLW/RW0110032020:551:2101:1000% 010
Brett HarrisonC0000010015:030:1000:580100% 100
Daniil MiromanovD0111000020:261:4200:4100% 010
Declan CarlileD0000030019:340:0000:0000% 000
Filip JohanssonD0000010011:190:2700:0000% 000
Jaret Anderson-DolanC/LW/RW0001022021:010:4900:0000% 020
John FarinacciC0000001017:220:4900:0000% 100
Mark KastelicC/RW0110203021:481:2000:00056% 1612
Matthew HighmoreLW/RW1011011018:210:3200:0000% 000
Maxim GroshevLW/RW0000011016:380:0600:490100% 100
Nikita OkhotiukD0000021023:531:2401:1800% 020
Olli JuoleviD000000007:370:0000:0000% 000
Santeri HatakkaD000000000:190:0000:0000% 000
Tanner LaczynskiC/RW1011012120:021:2021:01040% 500
Tim BerniD0111011024:350:4501:1800% 000
Ville HeinolaD0000000020:270:0000:4100% 000
Vladislav KolyachonokD000000001:460:0000:0000% 000

Heat

5 vs 5 Forward
Line #Left WingCenterRight WingPHYDFOFWanted %Time %Time Play
1Mackie SamoskevichAdam FantilliDryden Hunt1224035%19:32
2Dryden HuntFilip HallanderAdam Fantilli1223033%18:31
3Adam SykoraAdam FantilliMackie Samoskevich1222017%9:32
4Mackie SamoskevichFilip HallanderHudson Elynuik1221015%8:17
5 vs 5 Defense
Line #DefenseDefensePHYDFOFWanted %Time %Time Play
1Henry ThrunCasey Fitzgerald1224033%18:41
2Olen ZellwegerCasey Fitzgerald1223024%13:36
3Jacob MoverareKeaton Middleton1222028%15:38
4Casey FitzgeraldRobbie Russo1221014%7:57
Power Play Forward
Line #Left WingCenterRight WingPHYDFOFWanted %Time %Time Play
1Mackie SamoskevichAdam FantilliDryden Hunt1226055%1:06
2Mackie SamoskevichFilip HallanderAdam Fantilli1224045%0:53
Power Play Defense
Line #DefenseDefensePHYDFOFWanted %Time %Time Play
1Casey FitzgeraldHenry Thrun1226066%1:18
2Casey FitzgeraldOlen Zellweger1224034%0:41
Penalty Kill 4 Players Forward
Line #CenterWingPHYDFOFWanted %Time %Time Play
1Mackie SamoskevichAdam Fantilli1226081%1:44
2Mackie SamoskevichAdam Fantilli1224019%0:25
Penalty Kill 4 Players Defense
Line #DefenseDefensePHYDFOFWanted %Time %Time Play
1Henry ThrunCasey Fitzgerald1226059%1:16
2Casey FitzgeraldRobbie Russo1224041%0:53
Penalty Kill 3 Players
Line #WingPHYDFOFWanted %Time %Time PlayDefenseDefensePHYDFOFWanted %Time %Time Play
1Adam Fantilli122600%0:00 Henry ThrunCasey Fitzgerald122600%0:00
2Mackie Samoskevich122400%0:00 Casey FitzgeraldHenry Thrun122400%0:00
4 vs 4 Forward
Line #CenterWingPHYDFOFWanted %Time %Time Play
1Adam FantilliMackie Samoskevich122600%0:00
2Adam FantilliMackie Samoskevich122400%0:00
4 vs 4 Defense
Line #DefensePHYDFOFWanted %Time %Time Play
1Casey FitzgeraldJacob Moverare122600%0:00
2Casey FitzgeraldKeaton Middleton122400%0:00
Last Minutes Offensive
Left WingCenterRight WingDefenseDefense
Mackie SamoskevichAdam FantilliDryden HuntHenry ThrunCasey Fitzgerald
Last Minutes Defensive
Left WingCenterRight WingDefenseDefense
Mackie SamoskevichAdam FantilliDryden HuntHenry ThrunCasey Fitzgerald
Time
Total ForwardTotal DefenseLast Minutes OffensiveLast Minutes Defensive
60:00 60:00 0:000:00
Extra Forwards
Normal PowerPlayPenalty Kill
Adam Fantilli, Mackie Samoskevich, Filip HallanderMackie Samoskevich, Adam FantilliAdam Fantilli
Extra Defensemen
Normal PowerPlayPenalty Kill
Casey Fitzgerald, Jacob Moverare, Olen ZellwegerRobbie Russo, Keaton MiddletonCasey Fitzgerald
Penalty Shots
Mackie Samoskevich, Filip Hallander, Adam Fantilli, Dryden Hunt, Hudson Elynuik
Goalie
Henrik Tikkanen, Isaiah Saville
Scratches
Bradley Marek (Healthy), Connor McClennon (Healthy), Daniil Misyul (Healthy), Chase Pearson (Healthy), Jayden Grubbe (Healthy) Lucas Ciona (Healthy), Sasha Pastujov (Healthy), Dysin Mayo (Healthy), Joseph Cramarossa (Healthy), Tye Felhaber (Healthy) Curtis Hall (Healthy), Greg Printz (Healthy), Luka Burzan (Healthy), Erik Bradford (Healthy), Eemil Viro (Healthy) Tyson Kozak (Healthy), Cam Johnson (Healthy), Beck Warm (Healthy), Dylan St. Cyr (Healthy)

Americans

5 vs 5 Forward
Line #Left WingCenterRight WingPHYDFOFWanted %Time %Time Play
1Jaret Anderson-DolanMark KastelicBrendan Lemieux1224027%15:14
2Matthew HighmoreTanner LaczynskiJaret Anderson-Dolan1223034%18:57
3John FarinacciMark KastelicAatu Räty1222026%14:19
4Maxim GroshevMark KastelicBrendan Lemieux1221013%7:22
5 vs 5 Defense
Line #DefenseDefensePHYDFOFWanted %Time %Time Play
1Tim BerniNikita Okhotiuk1224032%17:52
2Tim BerniDaniil Miromanov1223028%15:47
3Ville HeinolaDeclan Carlile1222031%17:30
4Daniil MiromanovNikita Okhotiuk122108%4:43
Power Play Forward
Line #Left WingCenterRight WingPHYDFOFWanted %Time %Time Play
1Tanner LaczynskiMark KastelicBrendan Lemieux1226062%1:20
2John FarinacciBrendan LemieuxJaret Anderson-Dolan1224038%0:49
Power Play Defense
Line #DefenseDefensePHYDFOFWanted %Time %Time Play
1Daniil MiromanovNikita Okhotiuk1226065%1:24
2Tim BerniDaniil Miromanov1224035%0:45
Penalty Kill 4 Players Forward
Line #CenterWingPHYDFOFWanted %Time %Time Play
1Mark KastelicBrendan Lemieux12260100%1:59
2Tanner LaczynskiBrendan Lemieux122400%0:00
Penalty Kill 4 Players Defense
Line #DefenseDefensePHYDFOFWanted %Time %Time Play
1Tim BerniNikita Okhotiuk1226066%1:18
2Tim BerniDaniil Miromanov1224034%0:41
Penalty Kill 3 Players
Line #WingPHYDFOFWanted %Time %Time PlayDefenseDefensePHYDFOFWanted %Time %Time Play
1Mark Kastelic122600%0:00 Tim BerniNikita Okhotiuk122600%0:00
2Tanner Laczynski122400%0:00 Tim BerniDaniil Miromanov122400%0:00
4 vs 4 Forward
Line #CenterWingPHYDFOFWanted %Time %Time Play
1Mark KastelicBrendan Lemieux122600%0:00
2Tanner LaczynskiBrendan Lemieux122400%0:00
4 vs 4 Defense
Line #DefensePHYDFOFWanted %Time %Time Play
1Daniil MiromanovNikita Okhotiuk122600%0:00
2Tim BerniDaniil Miromanov122400%0:00
Last Minutes Offensive
Left WingCenterRight WingDefenseDefense
Jaret Anderson-DolanMark KastelicBrendan LemieuxTim BerniNikita Okhotiuk
Last Minutes Defensive
Left WingCenterRight WingDefenseDefense
Jaret Anderson-DolanMark KastelicBrendan LemieuxTim BerniNikita Okhotiuk
Time
Total ForwardTotal DefenseLast Minutes OffensiveLast Minutes Defensive
60:00 60:00 0:000:00
Extra Forwards
Normal PowerPlayPenalty Kill
Tanner Laczynski, Matthew Highmore, Mark KastelicTanner Laczynski, Matthew HighmoreTanner Laczynski
Extra Defensemen
Normal PowerPlayPenalty Kill
Daniil Miromanov, Ville Heinola, Declan CarlileDaniil Miromanov, Daniil MiromanovVille Heinola
Penalty Shots
Matthew Highmore, Brendan Lemieux, Mark Kastelic, Jaret Anderson-Dolan, Tanner Laczynski
Goalie
Spencer Knight, Brandon Bussi
Scratches
Caedan Bankier (Healthy), Fedor Svechkov (Healthy), Jakub Brabenec (Healthy), Justin Richards (Healthy), Matej Pekar (Healthy) Adam Raska (Healthy), Josh Lopina (Healthy), Cross Hanas (Healthy), Ilya Nikolaev (Healthy), Ozzy Wiesblatt (Healthy) Kevin Mandolese (Healthy), Jack LaFontaine (Healthy)


Play-by-Play

1st period


0:01 of 1st period - Adam Fantilli wins face-off versus Mark Kastelic in neutral zone.
0:53 of 1st period - Jacob Moverare is hit by Tanner Laczynski and loses puck.
1:06 of 1st period - Wrist shot by Jaret Anderson-Dolan.
1:06 of 1st period - Shot Misses the Net.
1:10 of 1st period - Snap shot by Mark Kastelic.
1:10 of 1st period - Shot Misses the Net.
1:30 of 1st period - Filip Hallander is hit by Aatu Räty and loses puck.
2:28 of 1st period - Ben King is hit by Jaret Anderson-Dolan.
2:38 of 1st period - Henry Thrun is hit by Brendan Lemieux and loses puck.
3:07 of 1st period - Mackie Samoskevich is hit by Tim Berni and loses puck.
3:23 of 1st period - Icing by Tanner Laczynski.
3:24 of 1st period - Tanner Laczynski wins face-off versus Ben King in Americans zone.
3:52 of 1st period - Icing by Dryden Hunt.
3:53 of 1st period - Mark Kastelic wins face-off versus Adam Fantilli in Heat zone.
4:15 of 1st period - Snap shot by Mark Kastelic.
4:15 of 1st period - Shot Blocked by Casey Fitzgerald.
4:29 of 1st period - Minor Penalty to Robbie Russo for Hooking.
4:30 of 1st period - Mackie Samoskevich wins face-off versus Mark Kastelic in Heat zone.
4:41 of 1st period - Wrist shot by Tanner Laczynski.
4:41 of 1st period - Stopped by Henrik Tikkanen without a rebound.
4:42 of 1st period - Mackie Samoskevich wins face-off versus Mark Kastelic in Heat zone.
6:29 of 1st period - Penalty to Robbie Russo is over, Robbie Russo is back on ice.
6:36 of 1st period - Snap shot by Maxim Groshev.
6:36 of 1st period - Stopped by Henrik Tikkanen without a rebound.
6:37 of 1st period - Brett Harrison wins face-off versus Filip Hallander in Heat zone.
7:05 of 1st period - Slapshot by Nikita Okhotiuk.
7:05 of 1st period - Deflect By Adam Fantilli.
7:05 of 1st period - Stopped by Henrik Tikkanen with a rebound.
7:47 of 1st period - Hudson Elynuik is hit by Jaret Anderson-Dolan and loses puck.
8:50 of 1st period - Ben King is hit by Nikita Okhotiuk and loses puck.
10:21 of 1st period - Tim Berni is hit by Dmitri Samorukov and loses puck.
11:13 of 1st period - Aatu Räty is hit by Hudson Elynuik and loses puck.
16:55 of 1st period - Adam Fantilli is hit by Aatu Räty and loses puck.
17:38 of 1st period - Robbie Russo is hit by Aatu Räty and loses puck.
18:11 of 1st period - Jacob Moverare is hit by Filip Johansson.
18:18 of 1st period - Icing by Jacob Moverare.
18:19 of 1st period - Luke Philp wins face-off versus Tanner Laczynski in Heat zone.
19:44 of 1st period - Adam Fantilli is hit by Nikita Okhotiuk and loses puck.
Goals for this period are 0 for Heat vs 0 for Americans.
Shots for this period are 0 for Heat vs 3 for Americans.

2nd period


0:01 of 2nd period - Adam Fantilli wins face-off versus Mark Kastelic in neutral zone.
0:14 of 2nd period - Wrist shot by Brendan Lemieux.
0:14 of 2nd period - Stopped by Henrik Tikkanen with a rebound.
0:16 of 2nd period - Wrist shot by Jaret Anderson-Dolan.
0:16 of 2nd period - Stopped by Henrik Tikkanen with a rebound.
1:08 of 2nd period - Minor Penalty to Keaton Middleton for Tripping.
1:09 of 2nd period - Mark Kastelic wins face-off versus Mackie Samoskevich in Heat zone.
1:14 of 2nd period - Snap shot by Mark Kastelic.
1:14 of 2nd period - Shot Misses the Net.
1:16 of 2nd period - Snap shot by Tanner Laczynski.
1:16 of 2nd period - Shot Misses the Net.
1:18 of 2nd period - Slapshot by Tanner Laczynski.
1:18 of 2nd period - Goal by Tanner Laczynski - Heat : 0 - Americans : 1.
1:19 of 2nd period - Mark Kastelic wins face-off versus Adam Fantilli in neutral zone.
1:24 of 2nd period - Wrist shot by Mark Kastelic.
1:24 of 2nd period - Stopped by Henrik Tikkanen with a rebound.
1:34 of 2nd period - Wrist shot by Dryden Hunt.
1:34 of 2nd period - Stopped by Spencer Knight without a rebound.
1:35 of 2nd period - Mark Kastelic wins face-off versus Adam Fantilli in Americans zone.
1:35 of 2nd period - Mark Kastelic is hit by Adam Fantilli.
1:59 of 2nd period - Casey Fitzgerald is hit by Matthew Highmore and loses puck.
4:02 of 2nd period - Adam Fantilli is hit by Brendan Lemieux and loses puck.
5:39 of 2nd period - Matthew Highmore is hit by Jacob Moverare and loses puck.
8:40 of 2nd period - Adam Fantilli is hit by Brett Harrison and loses puck.
10:41 of 2nd period - Icing by Adam Sykora.
10:42 of 2nd period - Mark Kastelic wins face-off versus Ben King in Heat zone.
11:08 of 2nd period - Icing by Declan Carlile.
11:09 of 2nd period - Mark Kastelic wins face-off versus Filip Hallander in Americans zone.
12:21 of 2nd period - Casey Fitzgerald is hit by Brendan Lemieux and loses puck.
12:33 of 2nd period - Icing by Maxim Groshev.
12:34 of 2nd period - Ben King wins face-off versus Mark Kastelic in Americans zone.
12:55 of 2nd period - Slapshot by Daniil Miromanov.
12:55 of 2nd period - Deflect By Matthew Highmore.
12:55 of 2nd period - Goal by Matthew Highmore - Heat : 0 - Americans : 2.
12:56 of 2nd period - Mark Kastelic wins face-off versus Filip Hallander in neutral zone.
13:07 of 2nd period - Off-side.
13:08 of 2nd period - Adam Fantilli wins face-off versus Mark Kastelic in neutral zone.
13:11 of 2nd period - Slapshot by Olen Zellweger.
13:11 of 2nd period - Stopped by Spencer Knight with a rebound.
13:21 of 2nd period - Snap shot by Mark Kastelic.
13:21 of 2nd period - Stopped by Henrik Tikkanen with a rebound.
13:23 of 2nd period - Slapshot by Nikita Okhotiuk.
13:23 of 2nd period - Deflect By Brendan Lemieux.
13:23 of 2nd period - Stopped by Henrik Tikkanen with a rebound.
13:25 of 2nd period - Snap shot by Jaret Anderson-Dolan.
13:25 of 2nd period - Stopped by Henrik Tikkanen without a rebound.
13:26 of 2nd period - Adam Sykora wins face-off versus Tanner Laczynski in Heat zone.
13:33 of 2nd period - Snap shot by Adam Fantilli.
13:33 of 2nd period - Stopped by Spencer Knight without a rebound.
13:34 of 2nd period - Tanner Laczynski wins face-off versus Adam Fantilli in Americans zone.
13:37 of 2nd period - Wrist shot by Adam Sykora.
13:37 of 2nd period - Stopped by Spencer Knight with a rebound.
13:41 of 2nd period - Wrist shot by Adam Fantilli.
13:41 of 2nd period - Stopped by Spencer Knight without a rebound.
13:42 of 2nd period - Mark Kastelic wins face-off versus Adam Fantilli in Americans zone.
13:55 of 2nd period - Snap shot by Adam Fantilli.
13:55 of 2nd period - Stopped by Spencer Knight with a rebound.
13:57 of 2nd period - Slapshot by Olen Zellweger.
13:57 of 2nd period - Shot Misses the Net.
14:09 of 2nd period - Tim Berni is hit by Hudson Elynuik and loses puck.
14:20 of 2nd period - Slapshot by Tim Berni.
14:20 of 2nd period - Stopped by Henrik Tikkanen with a rebound.
14:22 of 2nd period - Snap shot by Mark Kastelic.
14:22 of 2nd period - Stopped by Henrik Tikkanen with a rebound.
14:24 of 2nd period - Snap shot by Mark Kastelic.
14:24 of 2nd period - Shot Misses the Net.
14:26 of 2nd period - Snap shot by Mark Kastelic.
14:26 of 2nd period - Shot Misses the Net.
14:28 of 2nd period - Wrist shot by John Farinacci.
14:28 of 2nd period - Stopped by Henrik Tikkanen with a rebound.
14:44 of 2nd period - Minor Penalty to Mark Kastelic for Tripping.
14:45 of 2nd period - Adam Fantilli wins face-off versus Tanner Laczynski in Americans zone.
15:00 of 2nd period - Tanner Laczynski is hit by Mackie Samoskevich and loses puck.
15:32 of 2nd period - Icing by Filip Hallander.
15:33 of 2nd period - Maxim Groshev wins face-off versus Ben King in Heat zone.
15:40 of 2nd period - Backhand shot by Olen Zellweger.
15:40 of 2nd period - Deflect By Tanner Laczynski.
15:40 of 2nd period - Stopped by Spencer Knight with a rebound.
15:42 of 2nd period - Wrist shot by Dryden Hunt.
15:42 of 2nd period - Shot Blocked by Tanner Laczynski.
15:46 of 2nd period - Snap shot by Dryden Hunt.
15:46 of 2nd period - Stopped by Spencer Knight with a rebound.
16:44 of 2nd period - Penalty to Mark Kastelic is over, Mark Kastelic is back on ice.
17:00 of 2nd period - Declan Carlile is hit by Hudson Elynuik and loses puck.
17:16 of 2nd period - Keaton Middleton is hit by Declan Carlile and loses puck.
17:57 of 2nd period - Tanner Laczynski is hit by Casey Fitzgerald and loses puck.
18:08 of 2nd period - Matthew Highmore is hit by Casey Fitzgerald and loses puck.
18:36 of 2nd period - Icing by Nikita Okhotiuk.
18:37 of 2nd period - Adam Fantilli wins face-off versus Aatu Räty in Americans zone.
19:15 of 2nd period - Snap shot by Brendan Lemieux.
19:15 of 2nd period - Shot Misses the Net.
Goals for this period are 0 for Heat vs 2 for Americans.
Shots for this period are 8 for Heat vs 11 for Americans.

3rd period


0:01 of 3rd period - Adam Fantilli wins face-off versus Mark Kastelic in neutral zone.
0:51 of 3rd period - Hudson Elynuik is hit by Declan Carlile.
2:13 of 3rd period - Tanner Laczynski is hit by Keaton Middleton and loses puck.
2:34 of 3rd period - Henry Thrun is hit by Maxim Groshev and loses puck.
3:11 of 3rd period - John Farinacci is hit by Hudson Elynuik and loses puck.
6:58 of 3rd period - Filip Hallander is hit by Aatu Räty and loses puck.
8:35 of 3rd period - Icing by Daniil Miromanov.
8:36 of 3rd period - Mark Kastelic wins face-off versus Adam Fantilli in Americans zone.
10:19 of 3rd period - Jaret Anderson-Dolan is hit by Filip Hallander and loses puck.
11:12 of 3rd period - Tim Berni is hit by Ben King and loses puck.
12:22 of 3rd period - Icing by Mark Kastelic.
12:23 of 3rd period - Ben King wins face-off versus John Farinacci in Americans zone.
13:06 of 3rd period - Matthew Highmore is hit by Ben King and loses puck.
13:44 of 3rd period - Keaton Middleton is hit by Declan Carlile and loses puck.
19:59 of 3rd period - Ville Heinola is hit by Dmitri Samorukov and loses puck.
Goals for this period are 0 for Heat vs 0 for Americans.
Shots for this period are 0 for Heat vs 0 for Americans.